TOP OF THE 1ST |
San Francisco Bandits batting - Pitching for Los Cabos Cartel : RHP Vicente Durán
|
Pitching: RHP Vicente Durán
|
|
Batting: RHB Pete Rideout
|
0-0: Foul Ball, location: 2F 0-1: Swinging Strike 0-2: Foul Ball, location: 2F 0-2: Ball 1-2: Ball 2-2: Foul Ball, location: 2F 2-2: Ball 3-2: Ground out 5-3 (Groundball, 5L)
|
Batting: RHB Cory Foster
|
0-0: Ground out 5-3 (Groundball, 5)
|
Batting: RHB Jorge Morales
|
0-0: Called Strike 0-1: Ball 1-1: Foul Ball, location: 2F 1-2: Ball 2-2: Ground out 1-3 (Groundball, 15)
|
Top of the 1st over - 0 run(s), 0 hit(s), 0 error(s), 0 left on base; San Francisco 0 - Los Cabos 0 |
BOTTOM OF THE 1ST |
Los Cabos Cartel batting - Pitching for San Francisco Bandits : RHP Álex Rodríguez
|
Pitching: RHP Álex Rodríguez
|
|
Batting: LHB Willie Wallace
|
0-0: Ground out 4-3 (Groundball, 4)
|
Batting: LHB Miguel Rivería
|
0-0: Ground out 4-3 (Groundball, 4)
|
Batting: SHB Julián Madrid
|
0-0: Called Strike 0-1: Ball 1-1: Foul Ball, location: 2F 1-2: Foul Ball, location: 2F 1-2: Ground out 5-3 (Groundball, 56)
|
Bottom of the 1st over - 0 run(s), 0 hit(s), 0 error(s), 0 left on base; San Francisco 0 - Los Cabos 0 |
TOP OF THE 2ND |
San Francisco Bandits batting - Pitching for Los Cabos Cartel : RHP Vicente Durán
|
Batting: RHB Michael Elliott
|
0-0: Ball 1-0: Called Strike 1-1: Ball 2-1: Called Strike 2-2: Foul Ball, location: 2F 2-2: Ball 3-2: Base on Balls
|
Batting: LHB Jerry Bryan
|
0-0: Ball 1-0: Foul Ball, location: 2F 1-1: Grounds into double play, 6-4-3 (Groundball, 6M)
|
Batting: RHB Bob Orr
|
0-0: Bunted foul 0-1: Called Strike 0-2: Ball 1-2: Foul Ball, location: 2F 1-2: Foul Ball, location: 2F 1-2: Ground out 4-3 (Groundball, 4)
|
Top of the 2nd over - 0 run(s), 0 hit(s), 0 error(s), 0 left on base; San Francisco 0 - Los Cabos 0 |
BOTTOM OF THE 2ND |
Los Cabos Cartel batting - Pitching for San Francisco Bandits : RHP Álex Rodríguez
|
Batting: RHB Stephen Wilson
|
0-0: Ball 1-0: Called Strike 1-1: DOUBLE (Line Drive, 7LD)
|
Batting: SHB Rob Grun
|
0-0: Called Strike 0-1: Swinging Strike 0-2: Fly out, F7 (Popup, 5D)
|
Batting: RHB Gerardo Escobedo
|
0-0: Swinging Strike 0-1: Foul Ball, location: 2F 0-2: Reached on error, E6 (Groundball, 6) Stephen Wilson scores
|
Batting: RHB John Pick
|
0-0: Ball 1-0: Ball 2-0: Called Strike 2-1: Fly out, F9 (Popup, 9LS)
|
Batting: RHB Sam Wallace
|
0-0: Ball 1-0: Fly out, F7 (Line Drive, 7M)
|
Bottom of the 2nd over - 1 run(s), 1 hit(s), 1 error(s), 1 left on base; San Francisco 0 - Los Cabos 1 |
TOP OF THE 3RD |
San Francisco Bandits batting - Pitching for Los Cabos Cartel : RHP Vicente Durán
|
Batting: SHB Vicente Ricks
|
0-0: Foul Ball, location: 2F 0-1: Ball 1-1: Ball 2-1: Ball 3-1: SOLO HOME RUN (Flyball, 9D), Distance : 405 ft
|
Batting: RHB Emílio Bruno
|
0-0: Ball 1-0: Ball 2-0: Foul Ball, location: 2F 2-1: Called Strike 2-2: SINGLE (Line Drive, 8RS)
|
Batting: RHB Javier Ramírez
|
0-0: Called Strike 0-1: Ball 1-1: Ball 2-1: Fly out, F3 (Popup, 4S)
|
Batting: RHB Pete Rideout
|
0-0: Ball Emílio Bruno is caught stealing 2nd base 1-0: Called Strike 1-1: Foul Ball, location: 2F 1-2: SINGLE (Line Drive, 6MD)
|
Batting: RHB Cory Foster
|
0-0: Ball Pete Rideout is caught stealing 2nd base
|
Top of the 3rd over - 1 run(s), 3 hit(s), 0 error(s), 0 left on base; San Francisco 1 - Los Cabos 1 |
BOTTOM OF THE 3RD |
Los Cabos Cartel batting - Pitching for San Francisco Bandits : RHP Álex Rodríguez
|
Batting: SHB Edgardo Osorio
|
0-0: Called Strike 0-1: Foul Ball, location: 2F 0-2: Ball 1-2: Strikes out looking
|
Batting: LHB Willie Wallace
|
0-0: Ground out 1-3 (Groundball, 23)
|
Batting: LHB Miguel Rivería
|
0-0: Called Strike 0-1: Swinging Strike 0-2: Ball 1-2: Foul Ball, location: 2F 1-2: Ball 2-2: Fly out, F4 (Popup, 4MS)
|
Bottom of the 3rd over - 0 run(s), 0 hit(s), 0 error(s), 0 left on base; San Francisco 1 - Los Cabos 1 |
TOP OF THE 4TH |
San Francisco Bandits batting - Pitching for Los Cabos Cartel : RHP Vicente Durán
|
Batting: RHB Cory Foster
|
0-0: Foul Ball, location: 2F 0-1: Ball 1-1: Foul Ball, location: 2F 1-2: Strikes out looking
|
Batting: RHB Jorge Morales
|
0-0: Called Strike 0-1: DOUBLE (Line Drive, 78S)
|
Batting: RHB Michael Elliott
|
0-0: Ball 1-0: Ball 2-0: Swinging Strike 2-1: SINGLE (Groundball, 56D) Jorge Morales to third Runner from 3rd tries for Home, SAFE, throw made home Michael Elliott to second
|
Batting: LHB Jerry Bryan
|
0-0: Called Strike 0-1: Swinging Strike 0-2: Ball 1-2: Foul Ball, location: 2F 1-2: SINGLE (Flyball, 89S) Michael Elliott to third
|
Batting: RHB Bob Orr
|
0-0: Ball 1-0: Foul Ball, location: 2F 1-1: Grounds into double play, 5-4-3 (Groundball, 5L)
|
Top of the 4th over - 1 run(s), 3 hit(s), 0 error(s), 1 left on base; San Francisco 2 - Los Cabos 1 |
BOTTOM OF THE 4TH |
Los Cabos Cartel batting - Pitching for San Francisco Bandits : RHP Álex Rodríguez
|
Batting: SHB Julián Madrid
|
0-0: Ball 1-0: Ball 2-0: Foul Ball, location: 2F 2-1: Called Strike 2-2: Foul Ball, location: 2F 2-2: Foul Ball, location: 2F 2-2: Foul Ball, location: 2F 2-2: Ground out 4-3 (Groundball, 4)
|
Batting: RHB Stephen Wilson
|
0-0: Called Strike 0-1: Foul Ball, location: 2F 0-2: Foul Ball, location: 2F 0-2: Ball 1-2: Ball 2-2: Ground out 1-3 (Groundball, 13)
|
Batting: SHB Rob Grun
|
0-0: Ball 1-0: Ground out 4-3 (Groundball, 34)
|
Bottom of the 4th over - 0 run(s), 0 hit(s), 0 error(s), 0 left on base; San Francisco 2 - Los Cabos 1 |
TOP OF THE 5TH |
San Francisco Bandits batting - Pitching for Los Cabos Cartel : RHP Vicente Durán
|
Batting: SHB Vicente Ricks
|
0-0: Fly out, F9 (Flyball, 9M)
|
Batting: RHB Emílio Bruno
|
0-0: Ground out 6-3 (Groundball, 6)
|
Batting: RHB Javier Ramírez
|
0-0: Ball 1-0: Ball 2-0: Called Strike 2-1: Ground out 6-3 (Groundball, 6)
|
Top of the 5th over - 0 run(s), 0 hit(s), 0 error(s), 0 left on base; San Francisco 2 - Los Cabos 1 |
BOTTOM OF THE 5TH |
Los Cabos Cartel batting - Pitching for San Francisco Bandits : RHP Álex Rodríguez
|
Batting: RHB Gerardo Escobedo
|
0-0: Called Strike 0-1: Ball 1-1: Ball 2-1: Ball 3-1: Foul Ball, location: 2F 3-2: Foul Ball, location: 2F 3-2: Strikes out swinging
|
Batting: RHB John Pick
|
0-0: Fly out, F9 (Line Drive, 9LD)
|
Batting: RHB Sam Wallace
|
0-0: Ball 1-0: Fly out, F7 (Flyball, 78XD)
|
Bottom of the 5th over - 0 run(s), 0 hit(s), 0 error(s), 0 left on base; San Francisco 2 - Los Cabos 1 |
TOP OF THE 6TH |
San Francisco Bandits batting - Pitching for Los Cabos Cartel : RHP Vicente Durán
|
Batting: RHB Pete Rideout
|
0-0: Called Strike 0-1: SINGLE (Groundball, 56D)
|
Batting: RHB Cory Foster
|
0-0: Swinging Strike 0-1: Ball 1-1: Ball 2-1: Called Strike 2-2: Strikes out swinging
|
Batting: RHB Jorge Morales
|
0-0: Called Strike Pete Rideout steals 2nd base 0-1: Ball 1-1: Foul Ball, location: 2F 1-2: Strikes out looking
|
Batting: RHB Michael Elliott
|
0-0: Ground out 4-3 (Groundball, 4)
|
Top of the 6th over - 0 run(s), 1 hit(s), 0 error(s), 1 left on base; San Francisco 2 - Los Cabos 1 |
BOTTOM OF THE 6TH |
Los Cabos Cartel batting - Pitching for San Francisco Bandits : RHP Álex Rodríguez
|
Batting: SHB Edgardo Osorio
|
0-0: Called Strike 0-1: Ball 1-1: Swinging Strike 1-2: Ground out U3 (Groundball, 3)
|
Batting: LHB Willie Wallace
|
0-0: Called Strike 0-1: Ball 1-1: Ball 2-1: Ground out 4-3 (Groundball, 4)
|
Batting: LHB Miguel Rivería
|
0-0: Called Strike 0-1: SOLO HOME RUN (Flyball, 9LD), Distance : 356 ft
|
Batting: SHB Julián Madrid
|
0-0: Swinging Strike 0-1: Ball 1-1: SOLO HOME RUN (Flyball, 9LD), Distance : 349 ft
|
Batting: RHB Stephen Wilson
|
0-0: Ball 1-0: Ball 2-0: Foul Ball, location: 2F 2-1: Ground out 6-3 (Groundball, 56)
|
Bottom of the 6th over - 2 run(s), 2 hit(s), 0 error(s), 0 left on base; San Francisco 2 - Los Cabos 3 |
TOP OF THE 7TH |
San Francisco Bandits batting - Pitching for Los Cabos Cartel : RHP Vicente Durán
|
Batting: LHB Jerry Bryan
|
0-0: Ball 1-0: Called Strike 1-1: Ball 2-1: Ball 3-1: Called Strike 3-2: Base on Balls
|
Batting: RHB Bob Orr
|
0-0: Bunted foul 0-1: Sac Bunt - play at first, batter OUT! 5-4 Jerry Bryan to second
|
Batting: SHB Vicente Ricks
|
0-0: Called Strike 0-1: Called Strike 0-2: Strikes out swinging
|
Pitching: LHP António Martínez
|
|
Batting: RHB Emílio Bruno
|
0-0: Called Strike 0-1: Fly out, F9 (Flyball, 89M)
|
Top of the 7th over - 0 run(s), 0 hit(s), 0 error(s), 1 left on base; San Francisco 2 - Los Cabos 3 |
BOTTOM OF THE 7TH |
Los Cabos Cartel batting - Pitching for San Francisco Bandits : RHP Álex Rodríguez
|
Batting: SHB Rob Grun
|
0-0: Ball 1-0: Ball 2-0: Called Strike 2-1: Fly out, F7 (Flyball, 78S)
|
Batting: RHB Gerardo Escobedo
|
0-0: Ball 1-0: Ball 2-0: Called Strike 2-1: Called Strike 2-2: Foul Ball, location: 2F 2-2: Ground out 1-3 (Groundball, 15)
|
Batting: RHB John Pick
|
0-0: Fly out, F7 (Flyball, 78XD)
|
Bottom of the 7th over - 0 run(s), 0 hit(s), 0 error(s), 0 left on base; San Francisco 2 - Los Cabos 3 |
TOP OF THE 8TH |
San Francisco Bandits batting - Pitching for Los Cabos Cartel : LHP António Martínez
|
Pitching: RHP Masahiko Okada
|
|
Batting: RHB Javier Ramírez
|
0-0: Called Strike 0-1: Called Strike 0-2: Ball 1-2: Foul Ball, location: 2F 1-2: Strikes out looking
|
Batting: RHB Pete Rideout
|
0-0: Ball 1-0: Swinging Strike 1-1: Called Strike 1-2: SINGLE (Groundball, 13) (infield hit)
|
Batting: RHB Cory Foster
|
0-0: Swinging Strike 0-1: Foul Ball, location: 2F 0-2: Strikes out swinging
|
Batting: RHB Jorge Morales
|
0-0: Foul Ball, location: 2F 0-1: Ball 1-1: Foul Ball, location: 2F 1-2: Strikes out swinging
|
Top of the 8th over - 0 run(s), 1 hit(s), 0 error(s), 1 left on base; San Francisco 2 - Los Cabos 3 |
BOTTOM OF THE 8TH |
Los Cabos Cartel batting - Pitching for San Francisco Bandits : RHP Álex Rodríguez
|
Pitching: RHP Carlos Ruíz
|
|
Batting: RHB Sam Wallace
|
0-0: Called Strike 0-1: Ball 1-1: SINGLE (Line Drive, 34)
|
Batting: SHB Edgardo Osorio
|
|
Pinch Hitting: RHB Wilbert Rodgers
|
0-0: Ball 1-0: Fly out, F4 (Popup, 34)
|
Batting: LHB Willie Wallace
|
0-0: Called Strike 0-1: Called Strike 0-2: Ball 1-2: DOUBLE (Flyball, 7LD) Sam Wallace to third
|
Batting: LHB Miguel Rivería
|
0-0: Called Strike 0-1: Fly out, F7 (Flyball, 78M) Runner from 3rd tags up, OUT at HOME
|
Bottom of the 8th over - 0 run(s), 2 hit(s), 0 error(s), 1 left on base; San Francisco 2 - Los Cabos 3 |
TOP OF THE 9TH |
San Francisco Bandits batting - Pitching for Los Cabos Cartel : RHP Masahiko Okada
|
Pitching: LHP Santiago González
|
|
Now in CF: Wilbert Rodgers
|
|
Batting: RHB Michael Elliott
|
0-0: Swinging Strike 0-1: Ground out 4-3 (Groundball, 4)
|
Batting: LHB Jerry Bryan
|
0-0: Ball 1-0: Ball 2-0: Ground out U3 (Groundball, 3)
|
Batting: RHB Bob Orr
|
0-0: Called Strike 0-1: Called Strike 0-2: DOUBLE (Flyball, 78XD)
|
Batting: SHB Vicente Ricks
|
0-0: Called Strike 0-1: Called Strike 0-2: Ball 1-2: Fly out, F8 (Flyball, 8LM)
|
Top of the 9th over - 0 run(s), 1 hit(s), 0 error(s), 1 left on base; San Francisco 2 - Los Cabos 3 |
|